 Dungeon Crawl Stone Soup version 0.30-a0-723-gc1506a1cf0 (webtiles) character file.

Game seed: 384309016505882253

49 jimonade the Cutter (level 3, -8/18 HPs)
             Began as a Vine Stalker Gladiator on Jan 28, 2023.
             Killed by divine providence
             ... invoked by an orc priest
              (12 damage)
             ... on level 2 of the Dungeon on Jan 29, 2023.
             The game lasted 00:02:18 (1005 turns).

jimonade the Cutter (Vine Stalker Gladiator)        Turns: 1005, Time: 00:02:19

Health: -8/18      AC:  4    Str: 16    XL:     3   Next: 77%
Magic:  0/4        EV: 12    Int:  8    God:
Gold:   46         SH:  0    Dex: 17    Spells: 2/2 levels left

rFire   . . .      SeeInvis .    a - +0 rapier
rCold   . . .      Faith    .    (no shield)
rNeg    . . .      Spirit   +    b - +0 leather armour
rPois   .          Reflect  .    c - +0 helmet
rElec   .          Harm     .    (no cloak)
rCorr   .          Rampage  .    (no gloves)
Will    .....                    (no boots)
Stlth   +                        (no amulet)
HPRegen 0.23/turn                (no ring)
MPRegen 0.09/turn                (no ring)

@: no status effects
A: fangs 2, magic shield, antimagic bite, no potion heal 2
a: no special abilities


You were on level 2 of the Dungeon.
You visited 1 branch of the dungeon, and saw 2 of its levels.

You collected 46 gold pieces.

Inventory:

Hand Weapons
 a - a +0 rapier (weapon)
Missiles
 d - 3 throwing nets (quivered)
 e - a javelin
 h - 15 stones
Armour
 b - a +0 leather armour (worn)
 c - a +0 helmet (worn)
Scrolls
 g - a scroll of blinking {unknown}
Potions
 f - a potion of curing {unknown}
 i - a potion of might {unknown}


   Skills:
 - Level 1.7 Fighting
 + Level 4.2 Short Blades
 - Level 1.7 Throwing
 - Level 2.4 Dodging


You had 2 spell levels left.
You didn't know any spells.
Your spell library was empty.

Dungeon Overview and Level Annotations

Branches:
Dungeon (2/15)

Altars:


Innate Abilities, Weirdness & Mutations

You have extremely sharp teeth.
When hurt, damage is shared between your health and your magic reserves.
Your bite disrupts and absorbs the magic of your enemies.
Potions cannot restore your health.


Message History

You puncture the endoplasm!
You kill the endoplasm!
An orc priest comes into view. It is wielding a +0 short sword.
No reachable target in view!
There are monsters nearby!
An orc comes into view. It is wielding a +0 short sword.
The orc shouts!
You puncture the orc!
You kill the orc!
Things that are here:
a +0 short sword; an orc corpse An orc comes into view.
It is wielding a +0 club.
Things that are here:
a +0 short sword; an orc corpse The orc hits you but does no damage.
Things that are here:
a +0 short sword; an orc corpse You hit the orc.
The orc is lightly wounded.
You hit the orc.
The orc is heavily wounded.
The orc closely misses you. The orc completely misses you.
You barely miss the orc. Your bite misses the orc.
The orc is heavily wounded.
The orc barely misses you. The orc hits you with a +0 club.
You barely miss the orc.
The orc is heavily wounded.
The orc misses you. The orc hits you with a +0 club.
The orc priest mumbles some strange prayers to Beogh against you.
Beogh smites you!
Ouch! That really hurt!
* * * LOW HITPOINT WARNING * * *
You closely miss the orc. The orc misses you. The orc barely misses you.
You closely miss the orc. The orc hits you with a +0 club.
* * * LOW HITPOINT WARNING * * *
The orc barely misses you.
The orc priest mumbles some strange prayers to Beogh against you.
Beogh smites you!
Ouch! That really hurt!
You die...

#.# #....## ⌠$#
#.######.# ..#
#........#.......#
########.#.~...~.#
#.#.o.....#
#.#o.o....
#.#.o.....
#.#o~...~.
#@#.......
#ooo......
#oo##...## ......
## ###...## ##.##
#.# #.# #+#


You could see an orc priest and 4 orcs.

Vanquished Creatures
  An adder (D:2)
  3 dart slugs (D:1)
  An orc (D:2)
  2 bats (D:1)
  4 endoplasms
  3 giant cockroaches (D:1)
  2 goblins (D:1)
  3 hobgoblins (D:1)
  2 quokkas (D:1)
  A frilled lizard (D:2)
  3 kobolds (D:1)
  4 rats (D:1)
29 creatures vanquished.

Notes
Turn   | Place    | Note
-------+----------+-------------------------------------------
     0 | D:1      | jimonade the Vine Stalker Gladiator began the quest for the
                  | Orb.
     0 | D:1      | Reached XP level 1. HP: 11/11 MP: 2/2
    95 | D:1      | Found a faded altar of an unknown god.
   100 | D:1      | Reached skill level 3 in Short Blades
   122 | D:1      | Reached XP level 2. HP: 10/15 MP: 3/3
   286 | D:1      | Reached XP level 3. HP: 18/18 MP: 4/4
   871 | D:2      | Reached skill level 4 in Short Blades
  1005 | D:2      | Killed from afar by an orc priest

Illustrated notes

Levels and vault maps discovered:
D:1:      saegor_arrival_simple_b, layout_loops_ring,
          hellmonk_ecumenical_altar_heavens_door
D:2:      cheibrodos_pilgrimage, layout_loops_corners, basic_altar

Skill      XL: |  1  2  3 |
---------------+----------+-----
Short Blades   | 3 4 |  4.2
Fighting       | |  1.7
Throwing       | |  1.7
Dodging        | |  2.4

Action                     || total
---------------------------++-------
  Melee: Rapier            ||    73
         Bite              ||    14
   Stab: Sleeping          ||     2
 Armour: Leather armour    ||    12
  Dodge: Dodged            ||    36

Table legend: (Time is in decaauts)
 A = Elapsed time spent in this place.
 B = Non-inter-level travel time spent in this place.
 C = Inter-level travel time spent in this place.
 D = Time resting spent in this place.
 E = Time spent auto-exploring this place.
 F = Levels seen in this place.
 G = Mean time per level.
                   A        B        C        D        E       F      G
               +--------+--------+--------+--------+--------+-----+--------+
         Total |   1007 |    990 |     17 |     74 |    707 |   2 |  503.5 |
       Dungeon |   1007 |    990 |     17 |     74 |    707 |   2 |  503.5 |
               +--------+--------+--------+--------+--------+-----+--------+

Top non-repeatable levels by time:
     D:1: 940 daAuts
     D:2: 67 daAuts
